 Dungeon Crawl Stone Soup version 0.31-a0-177-g4aa6249778 (webtiles) character file.

Game seed: 10299434382823397278

13911 qw the Cleaver (level 12, -3/76 HPs)
             Began as a Gargoyle Fighter on June 17, 2023.
             Slain by a death yak (11 damage)
             ... on level 11 of the Dungeon.
             The game lasted 00:05:53 (11567 turns).

qw the Cleaver (Gargoyle Fighter)                  Turns: 11567, Time: 00:05:54

Health: -3/76      AC: 28    Str: 23 (25) XL:     12   Next: 11%
Magic:  0/12       EV:  6    Int: 12      God:
Gold:   939        SH: 10    Dex:  9      Spells: 11/11 levels left

rFire   + . .        o - +8 broad axe "Amyiz Tubou" {freeze, Int+3}
rCold   . . .        y - +0 kite shield
rNeg    + . .        r - +0 plate armour
rPois   inf          (no helmet)
rElec   +            z - +0 cloak {Will+}
rCorr   .            i - +1 pair of gloves {infuse}
SInv    +            n - +1 pair of boots
Will    +....        (no amulet) Stlth
                     t - ring of protection from fire
HPRegen 0.32/turn    m - ring of see invisible
MPRegen 0.13/turn

%: no passive effects
@: no status effects
A: sickness immunity, AC +8, negative energy resistance 1, electricity
resistance, torment resistance 1, petrification resistance, deterioration 1
a: no special abilities


You were on level 11 of the Dungeon.
You visited 2 branches of the dungeon, and saw 12 of its levels.

You collected 1170 gold pieces.
You spent 231 gold pieces at shops.


Innate Abilities, Weirdness & Mutations

You are immune to sickness and miasma.
Your stone body is resilient. (AC +8)
You are immune to poison.
You resist negative energy. (rN+)
You are resistant to electric shocks. (rElec)
You are resistant to unholy torment.
You are immune to petrification.
Your body sometimes deteriorates upon taking damage.


   Skills:
 - Level 9.5 Fighting
 - Level 12.0 Axes
 - Level 3.1 Throwing
 + Level 8.2 Armour
 - Level 1.3 Dodging
 - Level 10.1 Shields


You had 11 spell levels left.
You didn't know any spells.
Your spell library was empty.

Inventory:

Hand Weapons
 l - a +1 war axe
 o - the +8 broad axe "Amyiz Tubou" (weapon) {freeze, Int+3}
   (You acquired it on level 4 of the Dungeon)

   Int:       It affects your intelligence (+3).
 A - a +3 morningstar
Missiles
 w - 2 boomerangs (quivered)
Armour
 i - a +1 pair of gloves of infusion (worn)
 n - a +1 pair of boots (worn)
 r - a +0 plate armour (worn)
 s - +0 acid dragon scales
 y - a +0 kite shield (worn)
 z - a +0 cloak of willpower (worn)
Jewellery
 a - a ring of resist corrosion
 e - a ring of resist corrosion
 m - a ring of see invisible (right hand)
 q - the ring "Ixuef" {Fire Drain Int+3 Dex+2}
   (You found it on level 4 of the Dungeon)

   [ring of fire]

   It enhances your fire magic.
   Int:       It affects your intelligence (+3).
   Dex:       It affects your dexterity (+2).
   rF:        It protects you from fire.
   rC:        It makes you vulnerable to cold.
   Drain:     It drains your maximum health when unequipped.
 t - a ring of protection from fire (left hand)
Scrolls
 b - 2 scrolls of identify
 v - 2 scrolls of enchant weapon
Potions
 d - 5 potions of might
 f - a potion of attraction
 g - 3 potions of lignification
 h - 2 potions of resistance
 k - 9 potions of curing
 p - 2 potions of haste
 x - 2 potions of enlightenment

Dungeon Overview and Level Annotations

Branches:
Dungeon (11/15)            Temple (1/1) D:4             Orc (0/2) D:10
   Lair: D:8-11

Altars:
Ashenzari
Cheibriados
Dithmenos
Elyvilon
Fedhas
Gozag
Hepliaklqana
Kikubaaqudgha
Makhleb
Nemelex Xobeh
Okawaru
Qazlal
Ru
Sif Muna
Trog
Uskayaw
Vehumet
Wu Jian
Xom
Yredelemnul
Zin
The Shining One

Shops:
D:3 *   D:5 (   D:8 [

Annotations:
D:5 exclusion: 8 centaurs


Message History

The death yak is moderately wounded.
You barely miss the death yak. The death yak gores you.
The death yak gores you!
Your body deteriorates!
You feel weakened.
You slash the death yak! You freeze the death yak.
The death yak is heavily wounded.
You slice the death yak!! You freeze the death yak.
You hit the death yak but do no damage. You block the death yak's attack.
The death yak gores you but does no damage.
You block the death yak's attack.
You hit the death yak but do no damage.
The death yak is heavily wounded.
You slash the death yak! You freeze the death yak. You slash the death yak!
You freeze the death yak. You block the death yak's attack.
The death yak gores you but does no damage.
The death yak gores you!
You slice the death yak!! You freeze the death yak.
The death yak is almost dead.
You slash the death yak! You freeze the death yak.
You barely miss the death yak. You hit the death yak but do no damage.
The death yak completely misses you. The death yak gores you!
Your body deteriorates!
You feel weakened. The death yak gores you!
You slice the death yak!! You freeze the death yak.
You kill the death yak!
You hit the death yak. You freeze the death yak.
You barely miss the death yak. x2
You block the death yak's attack. The death yak gores you.
The death yak gores you!
Your Shields skill increases to level 10!
You barely miss the death yak.
The death yak is moderately wounded.
You barely miss the death yak. You slice the death yak!!
You freeze the death yak! You hit the death yak but do no damage.
You slash the death yak! You freeze the death yak. The death yak gores you.
The death yak gores you but does no damage. x3
The death yak gores you!
You die...

##...............#
#...............#
##..#.#...>.....#
#............>.#
##.......#.....#
#.......#######
##........#####
#.....##.YY..#...
##....#..@Y......
#..#....YYY.....
##....)...Y.....
#.#.#..........
#...#..........
##########.#.########...
................# #..
####....#.......# ..
##.....##.......#


You could see 7 death yaks.

Vanquished Creatures
  A death yak (D:11)
  A two-headed ogre (D:9)
  A skeletal warrior (D:7)
  A cyclops (D:7)
  A smoke demon (D:10)
  An unseen horror (D:10)
  A gargoyle (D:9)
  A freezing wraith (D:9)
  2 trolls (D:10)
  A hellwing (D:10)
  A merfolk (D:10)
  A hornet (D:7)
  A slime creature (D:9)
  A vampire (D:7)
  2 shadows
  2 wyverns (D:9)
  A ynoxinul (D:10)
  19 yaks
  2 steam dragons
  A neqoxec (D:10)
  A vampire mosquito (D:7)
  2 acid dragons
  A swamp drake (D:10)
  An ice beast (D:7)
  7 orc warriors
  A sky beast (D:7)
  A black bear (D:6)
  7 centaurs
  2 ogres
  A phantom (D:7)
  2 kobold brigands
  3 scorpions
  5 bullfrogs
  11 wights
  3 gnoll sergeants
  18 killer bees
  8 howler monkeys
  4 electric eels (D:10)
  6 orc priests
  A hound (D:6)
  A jelly (D:6)
  2 sleepcaps
  Jessica (D:2)
  An iguana (D:5)
  6 orc wizards
  15 gnolls
  4 adders
  3 white imps
  2 ufetubi
  3 dart slugs
  32 orcs
  A bat (D:3)
  9 endoplasms
  A giant cockroach (D:1)
  12 goblins
  4 hobgoblins
  3 jackals (D:3)
  A quokka (D:1)
  4 ball pythons
  A frilled lizard (D:1)
  11 kobolds
  4 rats
248 creatures vanquished.

Notes
Turn   | Place    | Note
-------+----------+-------------------------------------------
     0 | D:1      | qw the Gargoyle Fighter began the quest for the Orb.
     0 | D:1      | Reached XP level 1. HP: 14/14 MP: 1/1
     0 | D:1      | 0 ||| qw: Version: 0.3-a-5-g6f28e65
     0 | D:1      | 0 ||| qw: Game counter: 507
     0 | D:1      | 0 ||| qw: Always use a shield: true
     0 | D:1      | 0 ||| qw: God list: Okawaru
     0 | D:1      | 0 ||| qw: Allow faded altars: false
     0 | D:1      | 0 ||| qw: Do Orc after D:15 true
     0 | D:1      | 0 ||| qw: Do second Lair branch before Depths: true
     0 | D:1      | 0 ||| qw: Lair rune preference: random
     0 | D:1      | 0 ||| qw: Plans: Normal, Zot:1-4, Slime:5, God:TSO, Crypt,
                  | Tomb, Abyss, Pan, Hells, Win
     0 | D:1      | 0 ||| PLANNING D:1-11
    15 | D:1      | Reached skill level 2 in Axes
    50 | D:1      | 50 ||| Stepping ~*~*~tactically~*~*~ (hiding).
    52 | D:1      | 52 ||| Stepping ~*~*~tactically~*~*~ (hiding).
   185 | D:1      | Reached XP level 2. HP: 19/19 MP: 2/2
   652 | D:1      | 652 ||| UPGRADING to ring of resist corrosion.
   653 | D:1      | 653 ||| READING scroll labelled KAWNOCL YHUXU.
   654 | D:1      | 654 ||| READING scroll labelled SUMICV REKLESU.
   655 | D:1      | 655 ||| READING scroll labelled HIB KAFOASK.
   656 | D:1      | 656 ||| READING scroll labelled OHIZXAODATI.
   745 | D:2      | 745 ||| Stepping ~*~*~tactically~*~*~ (hiding).
   872 | D:2      | Reached skill level 3 in Axes
   872 | D:2      | Reached XP level 3. HP: 15/23 MP: 3/3
  1117 | D:2      | Noticed Jessica
  1120 | D:2      | Killed Jessica
  1121 | D:2      | Reached XP level 4. HP: 24/28 MP: 4/4
  1140 | D:2      | 1140 ||| DROPPING +0 whip.
  1364 | D:2      | 1364 ||| UPGRADING to +0 pair of gloves of infusion.
  1369 | D:2      | 1369 ||| UPGRADING to +1 pair of boots.
  1374 | D:2      | 1374 ||| UPGRADING to ring of see invisible.
  1375 | D:2      | 1375 ||| READING scroll labelled ZENIMERR GOJEM.
  1376 | D:2      | 1376 ||| READING 2 scrolls labelled CORATWYR HUERA.
  1396 | D:2      | 1396 ||| DRINKING 2 coppery potions.
  1397 | D:2      | 1397 ||| DRINKING 2 dark potions.
  1398 | D:2      | 1398 ||| DROPPING potion of degeneration.
  1399 | D:2      | 1399 ||| DROPPING scroll of torment.
  1422 | D:3      | 1422 ||| Stepping ~*~*~tactically~*~*~ (hiding).
  1423 | D:3      | 1423 ||| Stepping ~*~*~tactically~*~*~ (stealth).
  1432 | D:3      | Reached skill level 4 in Axes
  1512 | D:3      | Found Lanuremnatz's General Store.
  1517 | D:3      | 1517 ||| SHOPLISTING +2 mace of protection (202 gold, have
                  | 168).
  1517 | D:3      | 1517 ||| BUYING potion of curing (39 gold).
  1517 | D:3      | Bought a potion of curing for 39 gold pieces
  1522 | D:3      | 1522 ||| Stepping ~*~*~tactically~*~*~ (stealth).
  1775 | D:3      | 1775 ||| DROPPING +0 spectral club.
  1794 | D:3      | Reached XP level 5. HP: 32/32 MP: 3/5
  2244 | D:3      | 2244 ||| UPGRADING to +0 chain mail.
  2254 | D:3      | 2254 ||| DROPPING +0 scale mail.
  2255 | D:3      | 2255 ||| READING scroll labelled IXOYMIOSYO.
  2256 | D:3      | 2256 ||| READING scroll labelled MIUTYH ANOLO.
  2457 | D:4      | Identified the ring "Ixuef" {Fire Drain Int+3 Dex+2}
  2548 | D:4      | 2548 ||| Stepping ~*~*~tactically~*~*~ (hiding).
  2641 | D:4      | Found a staircase to the Ecumenical Temple.
  2642 | D:4      | 2642 ||| PLANNING TEMPLE
  2642 | D:4      | 2642 ||| Stepping ~*~*~tactically~*~*~ (hiding).
  2661 | D:4      | 2661 ||| UPGRADING to +0 plate armour.
  2671 | D:4      | 2671 ||| DROPPING +0 chain mail.
  2672 | D:4      | 2672 ||| DROPPING +1 robe of resistance.
  2673 | D:4      | 2673 ||| READING scroll labelled MAUWNAU EGEA.
  2678 | Temple   | Entered the Ecumenical Temple
  2848 | Temple   | 2848 ||| PLANNING D:1-11
  2877 | D:4      | Noticed a centaur
  2878 | D:4      | 2878 ||| Stepping ~*~*~tactically~*~*~ (stealth).
  2884 | D:4      | Found an iron altar of Okawaru.
  2885 | D:4      | 2885 ||| PLANNING OKAWARU WORSHIP
  2892 | D:4      | Killed a centaur
  2893 | D:4      | Reached skill level 5 in Axes
  3113 | D:4      | 3113 ||| READING scroll labelled NEKOEBLONLO.
  3113 | D:4      | Identified a scroll of acquirement
  3113 | D:4      | 3113 ||| ACQUIRING +8 broad axe "Amyiz Tubou" {freeze,
                  | Int+3}
  3113 | D:4      | Acquired the +8 broad axe "Amyiz Tubou" {freeze, Int+3}
  3115 | D:4      | 3115 ||| SWAPPING to +8 broad axe "Amyiz Tubou" {freeze,
                  | Int+3}.
  3117 | D:4      | 3117 ||| PLANNING D:1-11
  3122 | D:4      | 3122 ||| PLANNING OKAWARU WORSHIP
  3150 | D:4      | 3150 ||| PLANNING D:1-11
  3222 | D:4      | 3222 ||| PLANNING OKAWARU WORSHIP
  3236 | D:4      | 3236 ||| PLANNING D:1-11
  3296 | D:5      | Entered Level 5 of the Dungeon
  3326 | D:5      | Noticed an ogre
  3329 | D:5      | Killed an ogre
  3330 | D:5      | Reached XP level 6. HP: 39/39 MP: 4/6
  3481 | D:5      | Found Lathounu's Weapon Boutique.
  3528 | D:5      | 3528 ||| Stepping ~*~*~tactically~*~*~ (hiding).
  3629 | D:5      | HP: 6/39 [centaur/arrow (8)]
  3630 | D:5      | 3630 ||| READING scroll of teleportation.
  3778 | D:5      | 3778 ||| FLEEEEING.
  3779 | D:5      | 3779 ||| FLEEEEING.
  3780 | D:5      | 3780 ||| FLEEEEING.
  3781 | D:5      | 3781 ||| Stepping ~*~*~tactically~*~*~ (hiding).
  3783 | D:5      | 3783 ||| Stepping ~*~*~tactically~*~*~ (hiding).
  3793 | D:5      | Reached skill level 6 in Axes
  3793 | D:5      | Reached XP level 7. HP: 27/44 MP: 3/7
  4294 | D:5      | 4294 ||| DRINKING 2 murky purple potions.
  4295 | D:5      | 4295 ||| READING 2 scrolls of identify.
  4295 | D:5      | 4295 ||| IDENTIFYING grey potion
  4296 | D:5      | 4296 ||| DROPPING potion of berserk rage.
  4588 | D:6      | 4588 ||| STAIRDANCE
  4688 | D:6      | 4688 ||| Stepping ~*~*~tactically~*~*~ (hiding).
  4857 | D:6      | Found a blossoming altar of Fedhas.
  4857 | D:6      | Found an opulent altar of Gozag.
  4870 | D:6      | Reached skill level 7 in Axes
  4961 | D:6      | 4961 ||| DROPPING +0 mace.
  5155 | D:6      | Reached skill level 1 in Dodging
  5155 | D:6      | Reached XP level 8. HP: 49/49 MP: 5/8
  5200 | D:6      | Found an ornate altar of the Wu Jian Council.
  5229 | D:6      | Reached skill level 1 in Throwing
  5391 | D:6      | 5391 ||| UPGRADING to ring of protection from fire.
  5393 | D:6      | 5393 ||| READING scroll labelled SOEZECS OZXUEF.
  5394 | D:6      | 5394 ||| READING scroll labelled KIESUY ZOYT.
  5395 | D:6      | 5395 ||| READING scroll labelled LOOVVIYQEF.
  5396 | D:6      | 5396 ||| DRINKING 2 purple potions.
  5430 | D:6      | 5430 ||| DRINKING 2 murky clear potions.
  5431 | D:6      | 5431 ||| PLANNING OKAWARU WORSHIP
  5431 | D:6      | 5431 ||| READING 3 scrolls of identify.
  5431 | D:6      | 5431 ||| IDENTIFYING lumpy purple potion
  5432 | D:6      | 5432 ||| READING 2 scrolls of identify.
  5432 | D:6      | 5432 ||| IDENTIFYING glowing amethyst potion
  5433 | D:6      | 5433 ||| DROPPING potion of ambrosia.
  5510 | D:4      | 5510 ||| PLANNING D:1-11
  5531 | D:4      | 5531 ||| PLANNING OKAWARU WORSHIP
  5560 | D:3      | 5560 ||| PLANNING D:1-11
  5709 | D:7      | 5709 ||| Stepping ~*~*~tactically~*~*~ (hiding).
  5710 | D:7      | 5710 ||| Stepping ~*~*~tactically~*~*~ (hiding).
  5848 | D:7      | 5848 ||| Stepping ~*~*~tactically~*~*~ (hiding).
  5849 | D:7      | 5849 ||| Stepping ~*~*~tactically~*~*~ (hiding).
  5856 | D:7      | Reached skill level 8 in Axes
  6109 | D:7      | Noticed a hornet
  6115 | D:7      | Killed a hornet
  6116 | D:7      | Reached skill level 3 in Throwing
  6116 | D:7      | Reached XP level 9. HP: 47/55 MP: 6/9
  6179 | D:7      | Reached skill level 6 in Fighting
  6412 | D:7      | 6412 ||| READING scroll labelled GUSASM ELUIRCH.
  6458 | D:8      | 6458 ||| Stepping ~*~*~tactically~*~*~ (hiding).
  6492 | D:8      | 6492 ||| STAIRDANCE
  6592 | D:8      | Found Ohap's Armour Emporium.
  6607 | D:8      | Reached skill level 9 in Axes
  6729 | D:8      | 6729 ||| BUYING +0 cloak (54 gold).
  6729 | D:8      | Bought a +0 cloak for 54 gold pieces
  6729 | D:8      | 6729 ||| BUYING +0 cloak of willpower (138 gold).
  6729 | D:8      | Bought a +0 cloak of willpower for 138 gold pieces
  6729 | D:8      | 6729 ||| SHOPLISTING +0 crystal plate armour (960 gold,
                  | have 148).
  6729 | D:8      | 6729 ||| SHOPLISTING +1 chain mail "Alo Zallyinu" {+Blink
                  | rPois rC+ Will-} (366 gold, have 148).
  6729 | D:8      | 6729 ||| SHOPLISTING +2 pair of gloves (198 gold, have
                  | 148).
  6733 | D:8      | 6733 ||| Stepping ~*~*~tactically~*~*~ (stealth).
  6735 | D:8      | 6735 ||| Stepping ~*~*~tactically~*~*~ (stealth).
  6743 | D:8      | Reached skill level 6 in Armour
  6909 | D:8      | 6909 ||| Stepping ~*~*~tactically~*~*~ (hiding).
  6910 | D:8      | 6910 ||| Stepping ~*~*~tactically~*~*~ (hiding).
  7044 | D:8      | 7044 ||| DROPPING +0 flail.
  7089 | D:8      | 7089 ||| UPGRADING to +0 cloak.
  7094 | D:8      | 7094 ||| UPGRADING to +0 cloak of willpower.
  7104 | D:8      | 7104 ||| DROPPING +0 cloak.
  7395 | D:7      | Reached XP level 10. HP: 63/63 MP: 8/10
  7397 | D:7      | Reached skill level 10 in Axes
  7445 | D:7      | Noticed a cyclops
  7460 | D:7      | Noticed a skeletal warrior
  7464 | D:7      | Killed a cyclops
  7477 | D:7      | Killed a skeletal warrior
  7624 | D:7      | 7624 ||| Stepping ~*~*~tactically~*~*~ (hiding).
  7871 | D:7      | 7871 ||| READING 2 scrolls of identify.
  7871 | D:7      | 7871 ||| IDENTIFYING puce potion
  8149 | D:9      | Found a flagged portal.
  8291 | D:9      | 8291 ||| Stepping ~*~*~tactically~*~*~ (stealth).
  8292 | D:9      | 8292 ||| Stepping ~*~*~tactically~*~*~ (stealth).
  8295 | D:9      | 8295 ||| Stepping ~*~*~tactically~*~*~ (hiding).
  8383 | D:9      | 8383 ||| Stepping ~*~*~tactically~*~*~ (stealth).
  8385 | D:9      | 8385 ||| Stepping ~*~*~tactically~*~*~ (stealth).
  8511 | D:9      | Reached skill level 11 in Axes
  8649 | D:9      | 8649 ||| Stepping ~*~*~tactically~*~*~ (stealth).
  8651 | D:9      | 8651 ||| Stepping ~*~*~tactically~*~*~ (stealth).
  8653 | D:9      | 8653 ||| Stepping ~*~*~tactically~*~*~ (hiding).
  8665 | D:9      | 8665 ||| FLEEEEING.
  8665 | D:9      | Noticed a two-headed ogre
  8670 | D:9      | Reached XP level 11. HP: 54/69 MP: 5/11
  8673 | D:9      | Killed a two-headed ogre
  8674 | D:9      | Reached skill level 9 in Fighting
  8685 | D:9      | HP: 6/71 [wight/+3 scimitar of freezing (15)]
  8686 | D:9      | 8686 ||| READING scroll of teleportation.
  8687 | D:9      | 8687 ||| DRINKING potion of heal wounds.
  8799 | D:9      | 8799 ||| Stepping ~*~*~tactically~*~*~ (hiding).
  8901 | D:9      | 8901 ||| Stepping ~*~*~tactically~*~*~ (stealth).
  8902 | D:9      | 8902 ||| Stepping ~*~*~tactically~*~*~ (stealth).
  8903 | D:9      | 8903 ||| Stepping ~*~*~tactically~*~*~ (stealth).
  9019 | D:9      | 9019 ||| Stepping ~*~*~tactically~*~*~ (stealth).
  9093 | D:9      | 9093 ||| DROPPING +1 heavy flail.
  9303 | D:9      | 9303 ||| FLEEEEING.
  9304 | D:9      | 9304 ||| FLEEEEING.
  9305 | D:9      | 9305 ||| FLEEEEING.
  9306 | D:9      | 9306 ||| FLEEEEING.
  9307 | D:9      | 9307 ||| FLEEEEING.
  9312 | D:9      | Reached skill level 12 in Axes
  9367 | D:9      | 9367 ||| UPGRADING to +0 kite shield.
  9377 | D:9      | 9377 ||| DROPPING +0 buckler.
  9378 | D:9      | 9378 ||| DROPPING +6 ring of intelligence.
  9411 | D:10     | Entered Level 10 of the Dungeon
  9484 | D:10     | 9484 ||| Stepping ~*~*~tactically~*~*~ (stealth).
  9553 | D:10     | 9553 ||| Stepping ~*~*~tactically~*~*~ (stealth).
  9561 | D:10     | Reached skill level 6 in Shields
  9567 | D:10     | 9567 ||| FLEEEEING.
  9568 | D:10     | 9568 ||| FLEEEEING.
  9576 | D:10     | 9576 ||| FLEEEEING.
  9577 | D:10     | 9577 ||| FLEEEEING.
  9578 | D:10     | 9578 ||| FLEEEEING.
  9579 | D:10     | 9579 ||| FLEEEEING.
  9580 | D:10     | 9580 ||| FLEEEEING.
  9581 | D:10     | 9581 ||| FLEEEEING.
  9582 | D:10     | 9582 ||| FLEEEEING.
  9583 | D:10     | 9583 ||| FLEEEEING.
  9850 | D:10     | Gained mutation: Your body sometimes deteriorates upon
                  | taking damage. [a neqoxec]
  9994 | D:10     | 9994 ||| Stepping ~*~*~tactically~*~*~ (stealth).
  9995 | D:10     | 9995 ||| Stepping ~*~*~tactically~*~*~ (stealth).
  9996 | D:10     | 9996 ||| Stepping ~*~*~tactically~*~*~ (stealth).
 10591 | D:10     | 10591 ||| Stepping ~*~*~tactically~*~*~ (hiding).
 10594 | D:10     | 10594 ||| Stepping ~*~*~tactically~*~*~ (hiding).
 10595 | D:10     | 10595 ||| Stepping ~*~*~tactically~*~*~ (hiding).
 10618 | D:10     | 10618 ||| FLEEEEING.
 10649 | D:10     | 10649 ||| Stepping ~*~*~tactically~*~*~ (stealth).
 10650 | D:10     | 10650 ||| Stepping ~*~*~tactically~*~*~ (stealth).
 10651 | D:10     | 10651 ||| Stepping ~*~*~tactically~*~*~ (stealth).
 10696 | D:10     | 10696 ||| READING scroll of enchant armour.
 10696 | D:10     | 10696 ||| ENCHANTING +0 pair of gloves of infusion.
 10700 | D:10     | 10700 ||| Stepping ~*~*~tactically~*~*~ (stealth).
 10705 | D:10     | 10705 ||| Stepping ~*~*~tactically~*~*~ (stealth).
 10705 | D:10     | Found a staircase to the Orcish Mines.
 10706 | D:10     | 10706 ||| Stepping ~*~*~tactically~*~*~ (stealth).
 10707 | D:10     | 10707 ||| Stepping ~*~*~tactically~*~*~ (stealth).
 10708 | D:10     | 10708 ||| Stepping ~*~*~tactically~*~*~ (stealth).
 10726 | D:10     | 10726 ||| FLEEEEING.
 10727 | D:10     | 10727 ||| FLEEEEING.
 10728 | D:10     | 10728 ||| FLEEEEING.
 10729 | D:10     | 10729 ||| FLEEEEING.
 10730 | D:10     | 10730 ||| FLEEEEING.
 10731 | D:10     | 10731 ||| FLEEEEING.
 10732 | D:10     | 10732 ||| FLEEEEING.
 10733 | D:10     | 10733 ||| FLEEEEING.
 10734 | D:10     | 10734 ||| FLEEEEING.
 10735 | D:10     | 10735 ||| FLEEEEING.
 10849 | D:10     | 10849 ||| Stepping ~*~*~tactically~*~*~ (hiding).
 10851 | D:10     | 10851 ||| Stepping ~*~*~tactically~*~*~ (hiding).
 11196 | D:11     | 11196 ||| Stepping ~*~*~tactically~*~*~ (stealth).
 11264 | D:11     | Reached skill level 9 in Shields
 11437 | D:11     | Reached XP level 12. HP: 76/76 MP: 9/12
 11556 | D:11     | Noticed a death yak
 11556 | D:11     | Noticed a death yak
 11556 | D:11     | Noticed a death yak
 11557 | D:11     | Noticed a death yak
 11558 | D:11     | Noticed a death yak
 11558 | D:11     | Noticed a death yak
 11560 | D:11     | Noticed a death yak
 11560 | D:11     | Noticed a death yak
 11566 | D:11     | Killed a death yak
 11566 | D:11     | HP: 12/76 [death yak (10)]
 11567 | D:11     | Slain by a death yak

Levels and vault maps discovered:
D:1:      nicolae_arrival_washed_ashore, layout_basic, serial_rivers,
          chequers_serial_rivers_small_3, chequers_serial_rivers_micro_b,
          chequers_serial_rivers_micro_d, chequers_serial_rivers_small_a
D:2:      layout_rooms, minivault_25, dk_vineyard_3, dk_noncrumbling_3,
          uniq_jessica
D:3:      layout_basic, serial_shops, nicolae_square_shop
D:4:      layout_rooms, general_overflow_altar,
          minmay_temple_entry_enclosed_plants
D:5:      layout_basic, nicolae_inconvenience_store, minivault_19
D:6:      layout_loops_ring, pdpol_wu_jian_five_deadly_venoms,
          nicolae_overflow_two_pavilions, corexii_leaking_fountain
D:7:      minmay_klotski, layout_rooms, minmay_misc_feat_square,
          chequers_serial_rivers_micro_c
D:8:      layout_basic, serial_shops, shop
D:9:      cheibrodos_fzero, layout_irregular_city, enter_bailey_3,
          hangedman_abyss_or_decor_jellyfish_corner, serial_bayou_pond_d,
          hellmonk_bongcloud_opening
D:10:     layout_basic, erik_orc_1, serial_demonic, serial_demonic_c,
          serial_demonic_b, serial_demonic_b, serial_demonic_f,
          hangedman_fish_farm
D:11:     minmay_the_grid_triangle_9x9_recursive_2_mashed
          [minmay_the_grid_triangle_9x9_prize_insulated,
          minmay_the_grid_triangle_9x9_negative_grid,
          minmay_the_grid_triangle_9x9_fully_insulated_deathbox,
          minmay_the_grid_triangle_9x9_from_above], layout_rooms,
          dpeg_lair_monsters
Temple:   regret_index_temple_chain_breaker

Skill      XL: |  1  2  3  4  5  6  7  8  9 10 11 12 |
---------------+-------------------------------------+-----
Axes           | 2 3 4 5 6 7 8 9 11 12 | 12.0
Fighting       | 4 5 7 8 9 |  9.5
Armour         | 4 5 6 8 |  8.2
Dodging        | 1 |  1.3
Throwing       | 3 |  3.1
Shields        | 4 5 9 10 | 10.1

Action                     |  1- 3 |  4- 6 |  7- 9 | 10-12 || total
---------------------------+-------+-------+-------+-------++-------
  Melee: War axe           |    91 |    84 |       |       ||   175
         Broad axe         |       |    14 |   129 |   280 ||   423
  Throw: Boomerang         |       |       |    21 |    52 ||    73
         Javelin           |       |       |    12 |    31 ||    43
    Use: Scroll            |     4 |     7 |     7 |     3 ||    21
         Potion            |       |     2 |     3 |     1 ||     6
 Armour: Scale mail        |    41 |    38 |       |       ||    79
         Plate armour      |       |    49 |   102 |   215 ||   366
         Chain mail        |       |     3 |       |       ||     3
  Dodge: Dodged            |    43 |    46 |    75 |   101 ||   265
  Block: Buckler           |    17 |    31 |    30 |    40 ||   118
         Kite shield       |       |       |       |    47 ||    47

Table legend:
 A = Non-vault XP
 B = Vault XP
 C = Vault XP percentage of total XP
 D = Non-vault monster count
 E = Vault monster count
 F = Vault count percentage of total count
                 A         B        C        D         E       F
            +---------+---------+-------+---------+---------+-------
      Total |   11398 |    8475 |  42.6 |     189 |      59 |  23.8
            +---------+---------+-------+---------+---------+-------
        D:1 |      23 |       0 |   0.0 |      12 |       0 |   0.0
        D:2 |      37 |      37 |  50.0 |      14 |       1 |   6.7
        D:3 |      77 |       0 |   0.0 |      21 |       0 |   0.0
        D:4 |     136 |       0 |   0.0 |      10 |       0 |   0.0
        D:5 |     469 |       0 |   0.0 |       8 |       0 |   0.0
        D:6 |     540 |       0 |   0.0 |      13 |       0 |   0.0
        D:7 |    1388 |    2573 |  65.0 |      21 |      14 |  40.0
        D:8 |    2032 |       0 |   0.0 |      26 |       0 |   0.0
        D:9 |    3077 |    3066 |  49.9 |      28 |      21 |  42.9
       D:10 |    2434 |    1994 |  45.0 |      30 |      22 |  42.3
       D:11 |    1185 |     805 |  40.5 |       6 |       1 |  14.3
            +---------+---------+-------+---------+---------+-------
